 Dungeon Crawl Stone Soup version 0.19-a0-1225-gf887c1c (webtiles) character file.

67 JustSomeDude the Skirmisher (level 3, 0/29 HPs)
             Began as a Demonspawn Fighter on Aug 25, 2016.
             Succumbed to an adder's poison
             ... on level 2 of the Dungeon.
             The game lasted 00:02:13 (933 turns).

JustSomeDude the Skirmisher (Demonspawn Fighter)     Turns: 933, Time: 00:02:14

Health: 0/29       AC:  9    Str: 22    XL:     3   Next: 98%
Magic:  3/3        EV:  8    Int:  9    God:
Gold:   27         SH:  9    Dex: 12    Spells: 0 memorised, 2 levels left

rFire  . . .     SeeInvis .     a - +0 trident
rCold  . . .     Gourm    .     b - +0 scale mail
rNeg   . . .     Faith    .     c - +0 shield
rPois  .         Spirit   .     (no helmet)
rElec  .         Dismiss  .     (no cloak)
rCorr  .         Reflect  .     m - +0 pair of gloves
MR     .....     Harm     .     k - +0 pair of boots
Stlth  ..........               (no amulet)
                                (no ring)
                                (no ring)

@: mighty, lethally poisoned (0 -> -1), very slightly contaminated, hasted
(expiring), very quick
A: powered by death 1
a: no special abilities


You were on level 2 of the Dungeon.
You were very full.

You visited 1 branch of the dungeon, and saw 2 of its levels.

You collected 27 gold pieces.

Inventory:

Hand Weapons
 a - a +0 trident (weapon)
Armour
 b - a +0 scale mail (worn)
 c - a +0 shield (worn)
 k - a +0 pair of boots (worn)
 m - a +0 pair of gloves (worn)
Scrolls
 g - a scroll of teleportation
Comestibles
 j - 5 chunks of flesh
 n - 2 fruits


   Skills:
 + Level 3.3 Fighting
 + Level 2.0 Polearms
 + Level 3.3 Armour
 + Level 1.2 Dodging
 + Level 3.2 Shields


You had 2 spell levels left.
You didn't know any spells.

Dungeon Overview and Level Annotations

Branches:
Dungeon (2/15)

Altars:


Innate Abilities, Weirdness & Mutations

You regenerate a little health from kills.


Message History

You feel sick.
As you read the scroll labeled AJOGYF NAL, it crumbles to dust.
The dust glows pale green!
It was a scroll of random uselessness.
Your surroundings suddenly seem different.
Found a scroll labeled KIVIWN VUGYA.
* * * LOW HITPOINT WARNING * * *
You feel sick.
You see here a scroll labeled KIVIWN VUGYA.
d - a scroll labeled KIVIWN VUGYA
As you read the scroll labeled KIVIWN VUGYA, it crumbles to dust.
You feel aware of your surroundings.
It was a scroll of magic mapping.
As you read the scroll of teleportation, it crumbles to dust.
You feel strangely unstable.
* * * LOW HITPOINT WARNING * * *
You feel sick.
Your extra speed is starting to run out.
Found a stone staircase leading down.
A giant gecko comes into view.
Your surroundings suddenly seem different.
You die...

*,.......###########.##(###......
,,.......* #.##.# ##....<
*,.......** #.##.# #......
,,..##l...#** #..#.# #......
,*.,,####...##* #####.#.# #......
,*,*,* **#..(###...#.#.# #......
,,,*,*****#.........#.#.###......
,,,,,,,,,...###.###..............
,***,,*****##...@....(...##......
,* *,,,,.###..#.......##.........
,* **,**.......<.#######.##......
,* *,**.....##### #.##...... ,*
*,,*.....***** #.###.....
******,*..##,,,,,* #.# ##....
,,,,*,,,..******,* #.# #####
,,,,,,,,*** *,******#.#*******
,,,<**,,********,,,,,,,.>.,,,,,,,


There were no monsters in sight!

Vanquished Creatures
  3 adders (D:2)
  2 dart slugs
  2 giant geckos (D:1)
  A ball python (D:1)
  4 bats
  A giant cockroach (D:1)
  4 goblins (D:1)
  A hobgoblin (D:1)
  7 jackals (D:1)
  4 kobolds
  A giant newt (D:1)
  2 rats
32 creatures vanquished.

Notes
Turn   | Place    | Note
-------+----------+-------------------------------------------
     0 | D:1      | JustSomeDude the Demonspawn Fighter began the quest for the Orb.
     0 | D:1      | Reached XP level 1. HP: 18/18 MP: 1/1
   285 | D:1      | Gained mutation: You regenerate a little health from kills. [demonic ancestry]
   285 | D:1      | Reached XP level 2. HP: 24/24 MP: 2/2
   653 | D:1      | Reached XP level 3. HP: 24/29 MP: 3/3
   877 | D:2      | Reached skill level 1 in Dodging
   920 | D:2      | HP: 1/29 [poisoned by an adder]
   927 | D:2      | HP: 1/29 [poisoned by an adder]
   933 | D:2      | Succumbed to an adder's poison

Vault maps used:
D:1:      eino_arrival_water_cross

Skill      XL: |  1  2  3 |
---------------+----------+-----
Armour         | 3 |  3.3
Shields        | 3 |  3.2
Dodging        | 1 |  1.2
Polearms       | 2 |  2.0
Fighting       | |  3.3

Action                   || total
-------------------------++-------
Melee: Trident           ||   118
  Use: Scroll            ||     5
       Potion            ||     2
  Eat: Bread ration      ||     1
       Fruit             ||     1
       Beef jerky        ||     1
Armor: Scale mail        ||    55
Dodge: Dodged            ||    32
Block: Shield            ||    58
